[Event "*** Titled Tuesday Blitz"]
[Site "Chess.com"]
[Date "2020.05.05"]
[Round "1"]
[White "hermionegrangermagic"]
[Black "CastleOasisChess"]
[Result "0-1"]
[WhiteElo "2491"]
[BlackElo "2136"]
[TimeControl "180+1"]
[EndTime "10:06:56 PDT"]
[Termination "CastleOasisChess won by resignation"]

1. e4 e6 2. d4 d5 3. Nc3 c6 4.
a3 f5 5. exf5 exf5 6. Nf3 Bd6 7.
Bd3 Nf6 8. O-O O-O 9. Re1 Qc7 10. Ne5 g6 11. Bf4 Nbd7 12. Nxd7 Bxd7 13. Bxd6 Qxd6 14. h3 Rae8 15. Qf3 Ne4 16. Bxe4 fxe4 17. Qg3 Qxg3 18. fxg3 Rf7 19. Rf1 Ref8 20. Rxf7 Rxf7 21. Rf1 Rxf1+ 22. Kxf1 Kg7 23. Kf2 h5 24. Na4 b6 25. Ke3 Kf6 26. c4 dxc4 27. Kxe4 Bf5+ 28. Ke3 Be6 29. Nc3 Bd5 30.
Ne4+ Bxe4 31. Kxe4 Ke6 32. Kf4 b5 33. g4 hxg4 34.
Kxg4 a5 35. Kf4 b4 36. axb4 axb4 37. Ke4 Kf6 38. h4 b3 39. d5 cxd5+ 40. Kd4 Kf5 41. g3 Kg4 42. Kxd5 c3 43. bxc3 b2 44. c4 b1=Q 45.
c5 Qf5+ 46. Kd6 Qc8 47. c6 Kxg3 48. c7 Kg4 0-1

[Event "*** Titled Tuesday Blitz"]
[Site "Chess.com"]
[Date "2020.05.05"]
[Round "1"]
[White "El_ultimo_Pablo"]
[Black "PSvidler"]
[Result "1/2-1/2"]
[WhiteElo "2477"]
[BlackElo "3050"]
[TimeControl "180+1"]
[EndTime "10:06:57 PDT"]
[Termination "Game drawn by repetition"]

1. d4 Nf6 2. c4 g6 3. Nc3 d5 4.
Nf3 Bg7 5. Bf4 c5 6. e3 cxd4 7. Nxd4 O-O 8. Be2 Nc6 9. cxd5 Nxd5 10. Nxc6 bxc6 11. Nxd5 cxd5 12. Qd2 e5 13. Bg3 Be6 14.
O-O Qb6 15. b3 Rac8 16. Rac1 h5 17. h3 a5 18. Rxc8 Rxc8 19. Rc1 Rxc1+ 20. Qxc1 Bf6 21. Bd3 h4 22. Bh2 Kg7 23. Kh1 d4 24. exd4 Qxd4 25.
Qc2 Bg5 26. Bg1 Bf4 27. f3 Be3 28. Bxe3 Qxe3 29. Qe2 Qxe2 30. Bxe2 Kh6 31. Kg1 Kg5 32. Kf2 Kf4 33. Bc4 Bxc4 34. bxc4 e4 35. c5 e3+ 36.
Ke2 Ke5 37. Kxe3 Kd5 38. Kf4 Kxc5 39. Ke5 Kb4 40. Kf6 Ka3 41. Kxf7 Kxa2 42. Kxg6 Kb2 43. f4 a4 44. f5 a3 45. f6 a2 46. f7 a1=Q 47.
f8=Q Qb1+ 48. Qf5 Qe1 49. Qf6+ Kc2 50. Kh5 Qe2+ 51. Qf3 Qe7 52. Qf5+ Kd1 53. Qg4+ Kc2 54. Qxh4 Qh7+ 55. Kg4 Qe4+ 56. Kg5 Qe7+ 57. Kh5 Qh7+ 58. Kg4 Qe4+ 59. Kg3 Qe1+ 60. Kg4 Qe4+ 1/2-1/2

[Event "*** Titled Tuesday Blitz"]
[Site "Chess.com"]
[Date "2020.05.05"]
[Round "1"]
[White "Antipov_Mikhail_Al"]
[Black "LiderChessAcademy"]
[Result "1/2-1/2"]
[WhiteElo "2867"]
[BlackElo "2457"]
[TimeControl "180+1"]
[EndTime "10:06:57 PDT"]
[Termination "Game drawn by repetition"]

1. e4 c5 2. Nf3 d6 3. d4 cxd4 4.
Nxd4 Nf6 5. Nc3 g6 6. Be3 Bg7 7. f3 Nc6 8. Qd2 O-O 9. g4 Nxd4 10. Bxd4 Be6 11. h4 Qa5 12. a3 Rfc8 13. h5 Rab8 14.
Bd3 a6 15. hxg6 fxg6 16. Ne2 Qxd2+ 17. Kxd2 b5 18. c3 a5 19. g5 Nh5 20. f4 Bg4 21. Rh4 Bxe2 22. Bxe2 e5 23. fxe5 dxe5 24. Be3 Nf4 25.
Bg4 Rd8+ 26. Kc2 b4 27. axb4 axb4 28. Rah1 bxc3 29. bxc3 Nd3 30. Rxh7 Rb2+ 31. Kd1 Nf2+ 32. Kc1 Nd3+ 33. Kd1 Nf2+ 34. Kc1 Nd3+ 35. Kd1 1/2-1/2

[Event "*** Titled Tuesday Blitz"]
[Site "Chess.com"]
[Date "2020.05.05"]
[Round "1"]
[White "Kobalia"]
[Black "Diego_FloresQ"]
[Result "1-0"]
[WhiteElo "2742"]
[BlackElo "2390"]
[TimeControl "180+1"]
[EndTime "10:06:57 PDT"]
[Termination "Kobalia won on time"]

1. e4 c5 2. Nf3 e6 3. g3 d5 4. exd5 exd5 5. d4 Nc6 6. Bg2 cxd4 7. O-O Bc5 8. Nbd2 Nge7 9. Nb3 Bb6 10. Nfxd4 O-O 11.
Re1 Ng6 12. a4 Nce5 13. a5 Bc7 14. Nb5 Bg4 15. f3 Be6 16. f4 Ng4 17. Rxe6 Nf2 18. Kxf2 fxe6 19. N3d4 Bxa5 20. Nxe6 Qb6+ 21. Nbd4 Rfe8 22.
Bxd5 Kh8 23. Be3 Bb4 24. Nf5 Qb5 25. Nc7 Qd7 26. Nxe8 Rxe8 27. Qd3 a6 28. Rd1 Qc7 29. Qc4 Qa5 30. Bf7 Rf8 31. Rd5 Qa4 32. b3 Qa3 33.
Bd4 1-0

[Event "*** Titled Tuesday Blitz"]
[Site "Chess.com"]
[Date "2020.05.05"]
[Round "1"]
[White "tteshan"]
[Black "TengisChess"]
[Result "1-0"]
[WhiteElo "2219"]
[BlackElo "2536"]
[TimeControl "180+1"]
[EndTime "10:06:57 PDT"]
[Termination "tteshan won by checkmate"]

1. d4 Nf6 2. c4 g6 3. Nc3 Bg7 4. e4 O-O 5. f3 c6 6. Be3 d5 7. cxd5 cxd5 8. e5 Nfd7 9. Qd2 Nc6 10. Bb5 Nb6 11. Nge2 a6 12. Bd3 Nb4 13. b3 Nxd3+ 14.
Qxd3 Bf5 15. Qd2 Rc8 16. O-O Na8 17. a4 Nc7 18. Rac1 a5 19. Bh6 Na6 20. Bxg7 Kxg7 21. Qg5 Nb4 22. Nf4 e6 23. Nh5+ Kh8 24. Nf6 Rg8 25.
Qh6 Rg7 26. Nb5 Bc2 27. Nd6 Rc7 28. Nde8 Qxf6 29. exf6 Rg8 30. Nxc7 g5 31. Rf2 Bg6 32. Nb5 Nc6 33. Nd6 g4 34. fxg4 e5 35. Nxb7 Nxd4 36. Rc7 Ne6 37. Re7 Nf4 38. Nd6 Ne6 39.
Nxf7+ Bxf7 40. Rxf7 Ng5 41. Re7 e4 42. h4 e3 43. hxg5 exf2+ 44. Kxf2 Rg7 45. Qxg7# 1-0

[Event "*** Titled Tuesday Blitz"]
[Site "Chess.com"]
[Date "2020.05.05"]
[Round "1"]
[White "HouseOfDurin"]
[Black "Nbk90"]
[Result "0-1"]
[WhiteElo "2004"]
[BlackElo "2481"]
[TimeControl "180+1"]
[EndTime "10:06:57 PDT"]
[Termination "Nbk90 won on time"]

1. d4 Nf6 2. Bg5 Ne4 3. h4 c5 4. dxc5 Qa5+ 5. Nd2 Nxg5 6. hxg5 Qxc5 7. Ngf3 d6 8. e4 Bg4 9. c3 Nc6 10. Qa4 g6 11.
Rh4 Bd7 12. Qb3 Bg7 13. O-O-O h6 14. gxh6 Rxh6 15. Rxh6 Bxh6 16. Qxb7 Rb8 17. Qa6 Qxf2 18. g4 Bf4 19. Kb1 Qb6 20. Qxb6 Rxb6 21. Nc4 Rb8 22. g5 Kf8 23. Be2 Kg7 24. e5 Bf5+ 25. Bd3 Nxe5 26. Ncxe5 dxe5 27. Bxf5 gxf5 28. Rd7 e6 29. Nh4 Bxg5 30.
Nf3 Bf4 31. Rxa7 e4 32. Nd4 Kg6 33. Kc2 Be5 34. Nc6 Rb5 35. a4 Rc5 0-1

[Event "*** Titled Tuesday Blitz"]
[Site "Chess.com"]
[Date "2020.05.05"]
[Round "1"]
[White "lachesisQ"]
[Black "dbrankovic68"]
[Result "1-0"]
[WhiteElo "3083"]
[BlackElo "2471"]
[TimeControl "180+1"]
[EndTime "10:06:58 PDT"]
[Termination "lachesisQ won by resignation"]

1. c4 Nf6 2. Nc3 g6 3. e4 d6 4.
d4 Bg7 5. Nf3 O-O 6. h3 e5 7. d5 Nh5 8. g3 Qe8 9. Nh2 f5 10. exf5 gxf5 11. Be2 Nf6 12. Bg5 a5 13. Qc2 Na6 14. O-O-O Nc5 15. g4 Nfe4 16. Nxe4 Nxe4 17. Be3 Nc5 18. Rhg1 f4 19. Bxc5 dxc5 20. Bd3 e4 21. Bxe4 h6 22. Nf3 Qf7 23. Bh7+ Kh8 24. Bg6 Qf6 25. g5 hxg5 26. Rxg5 a4 27. a3 Ra6 28. Rh5+ Kg8 29. Bh7+ Kf7 30. Re1 Rd8 31. Bf5 Rb6 32.
Ng5+ Kg8 33. Be6+ Bxe6 34. Qh7+ Kf8 35. Nxe6+ Rxe6 36. Rxe6 Qxb2+ 37. Kd1 Rd7 38. Rf5+ Rf7 39. Rxf7+ Kxf7 40. Qh5+ Kg8 41. Re8+ 1-0

[Event "*** Titled Tuesday Blitz"]
[Site "Chess.com"]
[Date "2020.05.05"]
[Round "1"]
[White "TheFireChess"]
[Black "Indianlad"]
[Result "0-1"]
[WhiteElo "2455"]
[BlackElo "2912"]
[TimeControl "180+1"]
[EndTime "10:06:58 PDT"]
[Termination "Indianlad won by checkmate"]

1. e4 c5 2. c3 Nf6 3. e5 Nd5 4. Nf3 d6 5. Bc4 Nb6 6. Bb3 c4 7. Bc2 Nc6 8. exd6 e5 9. O-O Bxd6 10. Re1 O-O 11. b3 f5 12. bxc4 e4 13. Nd4 Ne5 14.
Ba3 Ng4 15. g3 Bxa3 16. Nxa3 Qd6 17. Nab5 Qh6 18. h4 g5 19. f3 Nf6 20. fxe4 fxe4 21. Qe2 gxh4 22. gxh4 Kh8 23. Bxe4 Rg8+ 24. Kh1 Bg4 25.
Qh2 Rad8 26. Bg2 Nxc4 27. Re7 Bd7 28. Rf1 Ng4 29. Qg3 Nge3 30. Qxg8+ Rxg8 31. dxe3 Nxe3 32. Rff7 Qxh4+ 33. Kg1 Rxg2# 0-1

[Event "*** Titled Tuesday Blitz"]
[Site "Chess.com"]
[Date "2020.05.05"]
[Round "1"]
[White "keepitcool9499"]
[Black "Azeryahu"]
[Result "0-1"]
[WhiteElo "2454"]
[BlackElo "2892"]
[TimeControl "180+1"]
[EndTime "10:06:58 PDT"]
[Termination "Azeryahu won by resignation"]

1. d4 d6 2. c4 Nf6 3. Nc3 Bf5 4. Nf3 h6 5. g3 Nbd7 6. Bg2 c6 7. O-O e5 8. Re1 Be7 9. e4 Bh7 10. Qb3 Qc7 11. d5 O-O 12. Nh4 Rfe8 13. Nf5 Bf8 14. Be3 a6 15. a4 a5 16. Rad1 Ng4 17. Bc1 Nc5 18. Qc2 Rac8 19. h3 Nf6 20. Qe2 Bxf5 21.
exf5 e4 22. Bf4 Nd3 23. Nxe4 Nxe1 24. Nxf6+ gxf6 25. Qg4+ Kh7 26. Bf1 cxd5 27. Rxd5 Nc2 28. Bd2 Re5 29. Bxa5 Qd7 30. Bc3 Rxd5 31. cxd5 Bg7 32.
Bd3 Na3 33. Qb4 Rc5 34. Qxa3 Rxd5 35. Be4 Rd1+ 36. Kg2 d5 37. Bf3 Rd3 38. Qc5 Qxf5 39. Bd4 Qxf3+ 40. Kh2 Rd1 0-1

[Event "*** Titled Tuesday Blitz"]
[Site "Chess.com"]
[Date "2020.05.05"]
[Round "1"]
[White "mirochka"]
[Black "Riptide27"]
[Result "0-1"]
[WhiteElo "2190"]
[BlackElo "2537"]
[TimeControl "180+1"]
[EndTime "10:06:58 PDT"]
[Termination "Riptide27 won on time"]

1. e4 c5 2. b4 cxb4 3. a3 bxa3 4.
d4 e6 5. Bd3 Nc6 6. c3 d5 7. e5 Na5 8. Ne2 Bd7 9. O-O Qc7 10. f4 g6 11. Nxa3 a6 12. g4 Ne7 13.
Bd2 Nc4 14. Ng3 Nb2 15. Qe2 Nxd3 16. Qxd3 Nc8 17. Qf3 Nb6 18. f5 O-O-O 19. f6 Kb8 20. Rfb1 Rc8 21. Qd3 Bxa3 22. Rxa3 Bb5 23. Rxb5 axb5 24.
Qxb5 Nc4 25. Ra2 Qb6 26. Qa4 Kc7 27. Ne2 Ra8 28. Qb3 Qxb3 0-1

[Event "*** Titled Tuesday Blitz"]
[Site "Chess.com"]
[Date "2020.05.05"]
[Round "1"]
[White "mitrabhaa"]
[Black "Blitzking642"]
[Result "1-0"]
[WhiteElo "2619"]
[BlackElo "2298"]
[TimeControl "180+1"]
[EndTime "10:06:59 PDT"]
[Termination "mitrabhaa won by resignation"]

1. Nf3 c5 2. g3 Nc6 3. Bg2 g6 4. O-O Bg7 5. c4 Nf6 6. d4 cxd4 7. Nxd4 O-O 8. Nc3 Ng4 9. e3 d6 10. Nxc6 bxc6 11. Bxc6 Rb8 12. Bg2 Ne5 13. Qe2 Ba6 14.
Rd1 Bxc4 15. Qc2 Qa5 16. Bd2 Bd3 17. Qc1 Rfc8 18. Nd5 Qd8 19. Bc3 Bc4 20. Qd2 Ba6 21. b3 e6 22. Ba5 Qd7 23. Nf4 d5 24. Rac1 Rxc1 25. Rxc1 Rc8 26. h4 h6 27. Rxc8+ Qxc8 28. Bc3 Qxc3 29. Qxc3 Nf3+ 30. Bxf3 Bxc3 31. Be2 Bxe2 32.
Nxe2 Bf6 33. Nf4 Kf8 34. h5 g5 35. Nd3 Ke7 36. g4 Kd6 37. f3 e5 38. e4 Bd8 39. Kf1 Bb6 40. Ke2 dxe4 41. fxe4 Bd4 42. a4 a5 43. Kd2 Kc6 44. Kc2 Kb6 45. b4 axb4 46. Nxb4 Bc5 47. Nd5+ Ka5 48. Kb3 Bf8 49. Ne3 Bg7 50. Nc4+ Ka6 51. a5 Kb5 52. Kc3 f6 53.
Nd6+ Kxa5 54. Ne8 Bf8 55. Kc4 Kb6 56. Kd5 Kb7 57. Nxf6 Kc7 58. Kxe5 Kd8 59. Kf5 Ke7 60. e5 1-0

[Event "*** Titled Tuesday Blitz"]
[Site "Chess.com"]
[Date "2020.05.05"]
[Round "1"]
[White "kasparicy"]
[Black "Tayson_7"]
[Result "0-1"]
[WhiteElo "2293"]
[BlackElo "2614"]
[TimeControl "180+1"]
[EndTime "10:06:59 PDT"]
[Termination "Tayson_7 won on time"]

1. e4 e5 2. Nf3 Nc6 3. Bc4 Nf6 4. d3 h6 5. c3 d6 6. Bb3 g5 7. h3 Bg7 8. Nbd2 Be6 9. Nf1 d5 10. Qe2 Qd6 11. Ng3 O-O-O 12. Bd2 Na5 13. Bc2 dxe4 14. dxe4 Bc4 15. Qe3 Qa6 16. Nf5 Nh5 17. Nxg7 Nf4 18. Rg1 Bd3 19. O-O-O Nc4 20. Bxd3 Nxd3+ 21. Kc2 Qa4+ 22.
Kb1 Na3+ 23. Ka1 Nc2+ 24. Kb1 Nxe3 25. Bxe3 Qxe4 26. Ka1 Qg6 27. Rxd3 Qxd3 28. Nh5 e4 0-1

[Event "*** Titled Tuesday Blitz"]
[Site "Chess.com"]
[Date "2020.05.05"]
[Round "1"]
[White "StephenDedalus83"]
[Black "nicolochessit"]
[Result "1-0"]
[WhiteElo "2704"]
[BlackElo "2356"]
[TimeControl "180+1"]
[EndTime "10:07:02 PDT"]
[Termination "StephenDedalus83 won by resignation"]

1. e4 c6 2. d4 d5 3. e5 c5 4.
Nf3 Nc6 5. c4 cxd4 6. Nxd4 e6 7.
cxd5 Qxd5 8. Nxc6 bxc6 9. Qe2 a5 10. Nc3 Bb4 11. Bd2 Bxc3 12. Bxc3 Ba6 13. Qg4 Bxf1 14. Kxf1 Ne7 15. Rd1 Qb5+ 16. Qe2 Nd5 17. Qxb5 cxb5 18. Bd2 f5 19. exf6 gxf6 20. Ke2 Kd7 21. g3 b4 22. Rhe1 Rac8 23. Rc1 e5 24. Kd3 Ke6 25. f4 Rxc1 26. Bxc1 Rd8 27. Kc4 a4 28. fxe5 fxe5 29. Kb5 b3 30. a3 Ra8 31. Bf4 Nxf4 32. gxf4 e4 33. Rxe4+ Kf5 34. Rxa4 Rb8+ 35. Kc5 h5 36. Rb4 Rc8+ 37. Kb6 Rc2 38. Rxb3 Rxh2 39. a4 Rh1 40. a5 Ra1 41. a6 Ra4 42. a7 h4 43. Ra3 Rb4+ 44. Kc5 1-0

[Event "*** Titled Tuesday Blitz"]
[Site "Chess.com"]
[Date "2020.05.05"]
[Round "1"]
[White "larisakalinina"]
[Black "OhanyanEminChess"]
[Result "0-1"]
[WhiteElo "2033"]
[BlackElo "2486"]
[TimeControl "180+1"]
[EndTime "10:07:02 PDT"]
[Termination "OhanyanEminChess won on time"]

1. e4 e6 2. d3 d5 3. Qe2 Nf6 4. Nf3 Be7 5. g3 c5 6. Bg2 Nc6 7. O-O O-O 8. e5 Nd7 9. h4 Qc7 10. Re1 f5 11. exf6 Nxf6 12. Bf4 Bd6 13. Bxd6 Qxd6 14.
Nc3 Bd7 15. Bh3 Rae8 16. Ne5 Nxe5 17. Qxe5 Qxe5 18. Rxe5 d4 19. Ne2 Nd5 20. c4 dxc3 21. Nxc3 Nxc3 22. bxc3 b6 23. Rae1 Rf3 24. Bf1 Kf8 25.
Kg2 Bc6 26. Kg1 Rf6 27. Bg2 Bxg2 28. Kxg2 Rd8 29. R1e3 Ke7 30. f4 Rd6 31. Kf3 Kd7 32.
g4 g6 33. h5 Rf8 34. hxg6 hxg6 35. Rg5 Rg8 36. f5 exf5 37. gxf5 Rf8 38. Kg4 gxf5+ 39.
Rxf5 Rg6+ 40. Kf4 Rxf5+ 41. Kxf5 Rg2 42. a4 Ra2 43. Re4 Rd2 44. d4 Kd6 45. Rh4 Kd5 46. dxc5 Kxc5 47. Rh7 a5 48. Ke4 Ra2 49. Kd3 Rxa4 50.
Rh5+ Kc6 51. c4 Ra1 52. Kd4 Rd1+ 53. Kc3 Rd6 54. Kb3 Rg6 55. Ka4 Rg4 56. Kb3 Rg3+ 57. Ka4 Rc3 0-1

[Event "*** Titled Tuesday Blitz"]
[Site "Chess.com"]
[Date "2020.05.05"]
[Round "1"]
[White "amiralfio"]
[Black "WonderChampion"]
[Result "1-0"]
[WhiteElo "2475"]
[BlackElo "1827"]
[TimeControl "180+1"]
[EndTime "10:07:02 PDT"]
[Termination "amiralfio won by checkmate"]

1. d4 d5 2. Bf4 Nf6 3. e3 Bf5 4. c4 e6 5. Nc3 c6 6. Qb3 Qc8 7. Rc1 dxc4 8. Bxc4 Nbd7 9. Nf3 Nb6 10. Be2 Be7 11.
h3 O-O 12. Nh4 Be4 13. Nxe4 Nxe4 14. Nf3 Qd7 15. O-O Bd6 16. Ne5 Bxe5 17. Bxe5 Nd2 18. Qa3 Nxf1 19. Bxf1 Nd5 20. e4 Nb6 21. Qe3 Rfd8 22.
Qg5 f5 23. Bd3 Rf8 24. Rc3 Qf7 25. Kh2 fxe4 26. Bxe4 Nd5 27. Rg3 Nf6 28. Qh4 g6 29. Bxg6 hxg6 30. Qh6 Qg7 31. Rxg6 Rf7 32. Rxg7+ Rxg7 33. Bxf6 Rh7 34. Qg6+ Kf8 35. Qxh7 Re8 36. Qg7# 1-0

[Event "*** Titled Tuesday Blitz"]
[Site "Chess.com"]
[Date "2020.05.05"]
[Round "1"]
[White "MihailNik"]
[Black "Angel_Hranitel_37"]
[Result "1-0"]
[WhiteElo "2717"]
[BlackElo "2371"]
[TimeControl "180+1"]
[EndTime "10:07:04 PDT"]
[Termination "MihailNik won by checkmate"]

1. c4 Nf6 2. g3 g6 3. Bg2 Bg7 4. Nc3 O-O 5. e4 d6 6. Nge2 c5 7. O-O Nc6 8. d3 Ne8 9. f4 Nc7 10. f5 e6 11. g4 Nd4 12. Ng3 Rb8 13. a4 b6 14. Nb5 a6 15. Nxc7 Qxc7 16. f6 Bh8 17. h4 b5 18. axb5 axb5 19. h5 bxc4 20. dxc4 d5 21. Bf4 e5 22. Bh6 dxc4 23. Bxf8 Kxf8 24.
hxg6 fxg6 25. Qd2 Bxg4 26. Qh6+ Ke8 27. f7+ Kd7 28. f8=Q Rxf8 29. Qxf8 Be6 30. Qxh8 Qb6 31. Ra7+ Kc6 32. Qe8+ Kd6 33. Qe7+ Kc6 34. Rf6 c3 35. Rxe6+ Nxe6 36. Qxe6+ Kb5 37. Bf1+ c4+ 38. Qxb6+ Kxb6 39. bxc3 Kxa7 40. Bxc4 Kb6 41. Bd5 Kc5 42. Kf2 h5 43. Ne2 g5 44. Kg3 Kd6 45. c4 Ke7 46. c5 Kf6 47. c6 Ke7 48. Nc3 Kd6 49. Nb5+ Ke7 50.
c7 h4+ 51. Kg4 h3 52. c8=Q h2 53. Qe6+ Kd8 54. Qd6+ Kc8 55. Qc7# 1-0

[Event "*** Titled Tuesday Blitz"]
[Site "Chess.com"]
[Date "2020.05.05"]
[Round "1"]
[White "Chessalary"]
[Black "1random"]
[Result "0-1"]
[WhiteElo "2169"]
[BlackElo "2529"]
[TimeControl "180+1"]
[EndTime "10:07:04 PDT"]
[Termination "1random won by resignation"]

1. e4 d5 2. exd5 Nf6 3. d4 Bg4 4. Be2 Bxe2 5. Nxe2 Qxd5 6. O-O Nc6 7. Nbc3 Qh5 8. Nf4 Qxd1 9. Rxd1 O-O-O 10. Be3 e6 11. d5 exd5 12. Nfxd5 Nxd5 13. Nxd5 Bd6 14. c4 Be5 15. Rab1 Rd7 16. b4 Ne7 17. Nxe7+ Rxe7 18. Rd3 Rd7 19. Rbd1 Rxd3 20. Rxd3 a6 21. f4 Bd6 22. c5 Be7 23. Kf2 Rd8 24. Ke2 Rxd3 25. Kxd3 f5 26. g3 Kd7 27. Kc4 c6 28. a4 Ke6 29.
Bd4 g6 30. Be5 g5 31. Kd4 g4 32. Kc4 h5 33. Bd4 h4 34. Bf2 h3 35. Bd4 Bd8 36.
Be5 Bh4 37. gxh4 g3 38. h5 gxh2 39. h6 h1=Q 40. h7 Qd5+ 41. Kc3 Qd8 42. h8=N h2 0-1

[Event "*** Titled Tuesday Blitz"]
[Site "Chess.com"]
[Date "2020.05.05"]
[Round "1"]
[White "Love_craft"]
[Black "oskariot"]
[Result "0-1"]
[WhiteElo "2234"]
[BlackElo "2621"]
[TimeControl "180+1"]
[EndTime "10:07:05 PDT"]
[Termination "oskariot won on time"]

1. d4 Nf6 2. c4 c5 3. d5 b5 4. Qc2 bxc4 5. e4 d6 6. Bxc4 g6 7. Nf3 Bg7 8. O-O O-O 9. h3 Ba6 10. Nbd2 Nfd7 11. Rb1 Nb6 12. Bxa6 Nxa6 13. a3 Rb8 14. b3 Qd7 15. Bb2 Bxb2 16. Rxb2 Nc7 17. Nc4 f5 18. Ng5 fxe4 19. Nxb6 axb6 20. Qxe4 Rbe8 21. Ne6 Nxe6 22. dxe6 Qc8 23. f4 Qa8 24.
Qe2 Qxa3 25. f5 Qb4 26. Qd3 gxf5 27. Rbf2 Qe4 28. Qg3+ Kh8 29. Rf4 Qxe6 30. Qc3+ Qf6 31. Qf3 e6 32. Qg3 Rg8 33. Qf2 Qe5 0-1

[Event "*** Titled Tuesday Blitz"]
[Site "Chess.com"]
[Date "2020.05.05"]
[Round "1"]
[White "CakeinSpace2002"]
[Black "LawrenceTrent"]
[Result "1-0"]
[WhiteElo "2216"]
[BlackElo "2534"]
[TimeControl "180+1"]
[EndTime "10:07:05 PDT"]
[Termination "CakeinSpace2002 won by checkmate"]

1. e4 c5 2. Nf3 Nc6 3. Bb5 g6 4.
Bxc6 bxc6 5. O-O Bg7 6. Re1 d6 7. e5 Bg4 8. h3 Bxf3 9. Qxf3 Bxe5 10. Qxc6+ Kf8 11. d3 h5 12. Nc3 Nf6 13. f4 Bd4+ 14. Be3 Bxc3 15. bxc3 Qc8 16. Qf3 Kg7 17. c4 Rb8 18. Bd2 Rb2 19. Rxe7 Rxc2 20. Ba5 Re8 21. Rae1 Rxe7 22. Rxe7 Rxa2 23. Bc7 Ra6 24. d4 cxd4 25.
c5 dxc5 26. Be5 Re6 27. Rxa7 Qd8 28. Qb7 Qe8 29. Ra8 Qd7 30. Qb8 g5 31. Qg8+ Kh6 32.
fxg5# 1-0

[Event "*** Titled Tuesday Blitz"]
[Site "Chess.com"]
[Date "2020.05.05"]
[Round "1"]
[White "AvitalBor"]
[Black "Bacyanide"]
[Result "1-0"]
[WhiteElo "2827"]
[BlackElo "2428"]
[TimeControl "180+1"]
[EndTime "10:07:06 PDT"]
[Termination "AvitalBor won by checkmate"]

1. d4 d5 2. Nf3 Nf6 3. g3 e6 4. Bg2 c5 5. O-O Nc6 6. c4 cxd4 7. Nxd4 Bc5 8. Nxc6 bxc6 9. Nc3 O-O 10. Qc2 Bd6 11. Rd1 Qe7 12. Bg5 h6 13. Bxf6 Qxf6 14. Ne4 Qe7 15. Nxd6 Qxd6 16. e4 Bb7 17. c5 Qc7 18. Rd2 a5 19. Rad1 Ba6 20. h4 Rab8 21.
a3 Rb7 22. Rd4 Rfb8 23. exd5 exd5 24. R1d2 Qe5 25. Qc3 Qf6 26. Qxa5 Bc4 27. Qc3 Rb3 28. Qc1 R8b5 29. Rf4 Qe5 30. Rxc4 dxc4 31. Rd8+ Kh7 32. Qxc4 Qf6 33. Qe4+ g6 34. Qe8 Qg7 35. Rd7 Rb7 36.
Rxb7 Rxb7 37. b4 Qa1+ 38. Kh2 Qxa3 39. Bxc6 Ra7 40. Bd5 Qxb4 41. Bxf7 Qxc5 42. Qg8# 1-0

[Event "*** Titled Tuesday Blitz"]
[Site "Chess.com"]
[Date "2020.05.05"]
[Round "1"]
[White "WhiteCapital80"]
[Black "Duhless"]
[Result "0-1"]
[WhiteElo "2470"]
[BlackElo "3081"]
[TimeControl "180+1"]
[EndTime "10:07:07 PDT"]
[Termination "Duhless won by resignation"]

1. e4 c5 2. Nf3 Nc6 3. d4 cxd4 4. Nxd4 Nf6 5. Nc3 e6 6. Ndb5 d6 7. Bf4 e5 8. Bg5 a6 9. Na3 b5 10. Nd5 Be7 11. Bxf6 Bxf6 12. c3 Rb8 13. Nc2 Bg5 14. g3 O-O 15. h4 Bh6 16. Bg2 Be6 17. O-O Kh8 18. Ncb4 Qc8 19. Qd3 a5 20. Nxc6 Qxc6 21. a3 Bxd5 22. exd5 Qc7 23. Rae1 f5 24. f4 e4 25. Qd4 Qb6 26. Rd1 Qxd4+ 27. Rxd4 g6 28. Kf2 Bg7 29. Rd2 Rfc8 30. Ra1 h5 31. Bf1 Kg8 32. a4 b4 33. c4 b3 34. Ke3 Rb4 35.
Ra3 Kf7 36. Be2 Ke7 37. Bd1 Rcxc4 38. Rxb3 Rxb3+ 39. Bxb3 Rb4 40. Bd1 Bxb2 41. Ke2 Bd4 42. Rc2 Bc5 43. Rc3 Rb2+ 44. Bc2 Ra2 45. Kd1 Ra1+ 46.
Ke2 Rg1 47. Rb3 Rg2+ 48. Kd1 Bb4 49. Re3 Kd7 50. Bb3 Kc7 51. Bc4 Kb6 52. Bb5 Kc5 53. Be8 Kd4 54. Re2 Rxg3 55. Bf7 Kd3 0-1

[Event "*** Titled Tuesday Blitz"]
[Site "Chess.com"]
[Date "2020.05.05"]
[Round "1"]
[White "Sjakkerntobi"]
[Black "RitvarsReimanis"]
[Result "1-0"]
[WhiteElo "2229"]
[BlackElo "2540"]
[TimeControl "180+1"]
[EndTime "10:07:07 PDT"]
[Termination "Sjakkerntobi won by resignation"]

1. e4 c5 2. Nf3 Nc6 3. d4 cxd4 4. Nxd4 Nf6 5. Nc3 e5 6. Ndb5 d6 7. a4 a6 8. Na3 Bg4 9. Be2 Bxe2 10. Qxe2 Nd4 11. Qd3 d5 12. exd5 Nxd5 13. Nxd5 Qxd5 14. O-O Rd8 15. Re1 Be7 16. Nc4 Nc6 17. Qxd5 Rxd5 18. c3 f6 19. Be3 Kf7 20. Kf1 Rhd8 21. Ke2 Bc5 22. Rad1 Bxe3 23. Nxe3 R5d7 24. Rxd7+ Rxd7 25. Rd1 Rxd1 26. Kxd1 Ke6 27. Kc2 f5 28. b4 e4 29.
Nc4 f4 30. Kd2 g5 31. Ke2 Kd5 32.
Nd2 Ne5 33. g3 Nc4 34. Nb3 f3+ 35. Ke1 e3 36. fxe3 Nxe3 37. Kf2 Nd1+ 38. Kxf3 Nxc3 39.
Nc5 b6 40. Nxa6 Nxa4 41. Kg4 Kc4 42. Kxg5 Kb5 43. Nc7+ Kxb4 44. Kh6 Kc5 45. Kxh7 Kc6 46. Ne6 Kd5 47. Nf4+ Kd4 48. Ne6+ Kd5 49. Nc7+ Kc6 50. Na6 Kb5 51. Nb8 Kc4 52. Nd7 b5 53. Ne5+ Kc5 54.
Nd3+ Kc4 55. Ne5+ Kc3 56. Nc6 Kc4 57. g4 Kc5 58. g5 Kxc6 59. g6 Nc5 60. g7 Nd7 61.
Kg6 Ne5+ 62. Kf6 Nd7+ 63. Ke7 1-0

[Event "*** Titled Tuesday Blitz"]
[Site "Chess.com"]
[Date "2020.05.05"]
[Round "1"]
[White "levallem"]
[Black "chegueps"]
[Result "0-1"]
[WhiteElo "2126"]
[BlackElo "2510"]
[TimeControl "180+1"]
[EndTime "10:07:07 PDT"]
[Termination "chegueps won by resignation"]

1. d4 Nf6 2. c4 e6 3. Nc3 Bb4 4. Bd2 O-O 5. e3 d5 6. a3 Bxc3 7. Bxc3 Ne4 8. Qb3 c5 9. Nf3 Nc6 10. Rd1 Na5 11. Qc2 cxd4 12. Rxd4 Nxc3 13. Qxc3 Nc6 14.
Rd2 Qe7 15. cxd5 exd5 16. Rxd5 Be6 17. Rc5 Rac8 18. Bb5 Na5 19. Rxc8 Rxc8 20. Qxa5 Rc1+ 21. Ke2 Rxh1 22. Qxa7 g6 23. Qb8+ Kg7 24. Qe5+ Qf6 25. Qxf6+ Kxf6 26. Kd2 Bd5 27. Be2 g5 28. h3 h5 29. Kc3 g4 30. hxg4 hxg4 31. Nd4 Kg5 32. f3 g3 33. f4+ Kf6 34. Nf3 Rh2 35. Ne1 Bxg2 36. b4 Bc6 37. Bd3 Rh1 38. Ng2 Bxg2 0-1

[Event "*** Titled Tuesday Blitz"]
[Site "Chess.com"]
[Date "2020.05.05"]
[Round "1"]
[White "PlayChessSimple"]
[Black "GeorgMeier"]
[Result "1-0"]
[WhiteElo "2486"]
[BlackElo "2997"]
[TimeControl "180+1"]
[EndTime "10:07:08 PDT"]
[Termination "PlayChessSimple won by resignation"]

1. e4 e6 2. d4 d5 3. e5 c5 4.
c3 Ne7 5. Na3 Nec6 6. Nc2 b6 7.
Nf3 h6 8. a3 a5 9. Bb5 Ba6 10. a4 Bxb5 11. axb5 Na7 12. dxc5 bxc5 13. c4 Be7 14. O-O O-O 15. cxd5 exd5 16. Ne3 d4 17. Nf5 Nxb5 18. Bxh6 gxh6 19. Nxh6+ Kh8 20. Qb3 Qe8 21. Nd2 Ra6 22. Qh3 Rxh6 23. Qxh6+ Kg8 24. Ne4 Qd7 25. f4 Qf5 26. Rf3 Qh7 27. Nf6+ Bxf6 28. Qxf6 Rc8 29.
Rh3 Qg7 30. Rg3 Qxg3 31. hxg3 Nc6 32. Kf2 Kf8 33. Qh8+ 1-0

[Event "*** Titled Tuesday Blitz"]
[Site "Chess.com"]
[Date "2020.05.05"]
[Round "1"]
[White "BIG_Pirate"]
[Black "Taron_Shagbazyan"]
[Result "0-1"]
[WhiteElo "2311"]
[BlackElo "2636"]
[TimeControl "180+1"]
[EndTime "10:07:09 PDT"]
[Termination "Taron_Shagbazyan won on time"]

1. Nf3 Nf6 2. c4 e6 3. g3 d5 4. Bg2 Be7 5. O-O O-O 6. d4 c6 7. Nbd2 b6 8. Qc2 Bb7 9. e4 Na6 10. a3 Rc8 11. b3 c5 12. exd5 exd5 13. Bb2 dxc4 14. Nxc4 cxd4 15. Qf5 Be4 16. Qh3 d3 17.
Rfe1 Nc5 18. Rad1 Bg6 19. Nce5 Be4 20. b4 Na4 21. Ba1 Qd5 22. Nxd3 Bxf3 23. Rxe7 Bxg2 24. Qxg2 Qb3 25. Ree1 Nd5 26. Bd4 Ndc3 27. Rd2 Nb1 28. Rdd1 Nxa3 29. Qh3 Nc2 30. Bxg7 Kxg7 31. Qg4+ Kh8 32.
Re5 f6 33. Qh4 fxe5 0-1